 Dungeon Crawl Stone Soup version 0.25-a0-80-g9b55229ae5 (webtiles) character file.

Game seed: 4576376244115406052, levelgen mode: deterministic

63 Fistmachine the Skirmisher (level 3, -2/35 HPs)
             Began as a Minotaur Berserker on Oct 24, 2019.
             Was a Believer of Trog.
             Slain by a gnoll
             ... wielding a +0 whip
              (4 damage)
             ... on level 3 of the Dungeon on Nov 7, 2019.
             The game lasted 00:06:13 (1200 turns).

Fistmachine the Skirmisher (Minotaur Berserker)     Turns: 1200, Time: 00:06:13

Health: -2/35      AC:  2    Str: 22    XL:     3   Next: 87%
Magic:  2/2        EV: 12    Int:  4    God:    Trog [**....]
Gold:   89         SH:  0    Dex:  9    Spells: 2/2 levels left

rFire    . . .     SeeInvis .   a - +0 falchion
rCold    . . .     Gourm    .   (no shield)
rNeg     . . .     Faith    .   b - +0 animal skin
rPois    .         Spirit   .   (helmet restricted)
rElec    .         Reflect  .   (no cloak)
rCorr    .         Harm     .   (no gloves)
MR       .....                  (no boots)
Stlth    +.........             (no amulet)
HPRegen  0.11/turn              (no ring)
MPRegen  0.08/turn              (no ring)

@: no status effects
A: retaliatory headbutt, horns 2
a: Berserk, Trog's Hand, Renounce Religion


You were on level 3 of the Dungeon.
You worshipped Trog.
Trog was pleased with you.
You were hungry.

You visited 1 branch of the dungeon, and saw 3 of its levels.

You collected 89 gold pieces.

Inventory:

Hand Weapons
 a - a +0 falchion (weapon)
Armour
 b - a +0 animal skin (worn)
Jewellery
 d - a +4 ring of strength {unknown}
 n - a +1 ring of evasion {unknown}
Scrolls
 e - 2 scrolls of remove curse {unknown}
 f - a scroll of enchant weapon {unknown}
 h - a scroll of immolation {unknown}
 j - a scroll of noise {unknown}
 k - 5 scrolls of identify {unknown}
 m - 2 scrolls of amnesia {unknown}
Potions
 g - a potion of curing {unknown}
 i - 2 potions of experience {unknown}
 l - a potion of might {unknown}
Comestibles
 c - 3 rations


   Skills:
 * Level 4.8 Fighting
 + Level 4.2 Long Blades
 + Level 2.7 Armour
 + Level 2.7 Dodging
 + Level 0.1 Stealth


You had 2 spell levels left.
You didn't know any spells.
Your spell library was empty.

Dungeon Overview and Level Annotations

Branches:
Dungeon (3/15)

Altars:
Nemelex Xobeh

Annotations:
D:3 Ijyb


Innate Abilities, Weirdness & Mutations

You reflexively headbutt those who attack you in melee.
You have a pair of horns on your head.


Message History

The gnoll hits you with a +0 whip.
The gnoll hits you from afar with a +0 spear!
The gnoll barely misses you.
You riposte.
You barely miss the gnoll. You headbutt the gnoll!
The gnoll is heavily wounded.
The gnoll hits you from afar with a +0 spear.
* * * LOW HITPOINT WARNING * * *
The gnoll hits you with a +0 whip.
* * * LOW HITPOINT WARNING * * *
The gnoll hits you from afar with a +0 spear.
* * * LOW HITPOINT WARNING * * *
The gnoll barely misses you. You furiously retaliate!
You headbutt the gnoll.
You riposte.
You hit the gnoll.
The gnoll is almost dead.
Ijyb misses you. You furiously retaliate!
You headbutt Ijyb, but do no damage.
You riposte.
You closely miss Ijyb. The orc barely misses you. The gnoll barely misses you.
An orc comes into view.
It is wielding a +0 hand axe of electrocution.
The gnoll hits you with a +0 whip.
You die...

............
...........
#.#........
#.#.......$
...?......
#.........
######.....>...
.......@....>..
######.gg......
#.ogK.....
##o.......
......=..
.........
.........
#o!.......


You could see Ijyb, 2 gnolls, 3 orcs and a kobold.

Vanquished Creatures
  A gnoll (D:1)
  2 adders (D:2)
  A dart slug (D:1)
  6 bats
  A giant cockroach (D:1)
  4 goblins (D:1)
  6 hobgoblins
  3 kobolds (D:2)
  A quokka (D:2)
  3 frilled lizards
  3 rats
31 creatures vanquished.

Notes
Turn   | Place    | Note
-------+----------+-------------------------------------------
     0 | D:1      | Fistmachine the Minotaur Berserker began the quest for the
                  | Orb.
     0 | D:1      | Reached XP level 1. HP: 19/19 MP: 0/0
   146 | D:1      | Found a sparkling altar of Nemelex Xobeh.
   220 | D:1      | Reached XP level 2. HP: 27/27 MP: 1/1
   408 | D:1      | Reached XP level 3. HP: 32/34 MP: 2/2
   423 | D:1      | Upgraded the game from 0.25-a0-50-gf0389da217 to
                  | 0.25-a0-80-g9b55229ae5
   751 | D:2      | Reached ** piety under Trog
  1192 | D:3      | Noticed Ijyb
  1200 | D:3      | Slain by a gnoll

Levels and vault maps discovered:
D:1:      minmay_arrival_five_plusses, layout_loops_ring,
          nemelex_diamond_rough_becter
D:2:      layout_basic
D:3:      layout_rooms, chequers_ecumenical_altar_simple_redux,
          chequers_serial_rivers_micro_c, uniq_ijyb

Skill      XL: |  1  2 |
---------------+-------+-----
Fighting       | 4 |  4.8
Long Blades    | 4 |  4.2
Armour         | |  2.7
Dodging        | |  2.7
Stealth        | |  0.1

Action                   || total
-------------------------++-------
Melee: Falchion          ||    37
       Headbutt          ||     8
Armor: Animal skin       ||    19
Dodge: Dodged            ||    68
       Rpst.: Falchion   ||    16

Table legend:
 A = Non-vault XP
 B = Vault XP
 C = Vault XP percentage of total XP
 D = Non-vault monster count
 E = Vault monster count
 F = Vault count percentage of total count
                 A         B        C        D         E       F
            +---------+---------+-------+---------+---------+-------
      Total |      90 |       0 |   0.0 |      31 |       0 |   0.0
            +---------+---------+-------+---------+---------+-------
        D:1 |      45 |       0 |   0.0 |      17 |       0 |   0.0
        D:2 |      45 |       0 |   0.0 |      14 |       0 |   0.0
            +---------+---------+-------+---------+---------+-------
